 Dungeon Crawl Stone Soup version 0.17.0-23-g0de4337 (webtiles) character file.

633162 HaroldButt the Acrobat (level 27, -19/246 HPs)
             Began as a Yellow Draconian Transmuter on Nov 12, 2015.
             Was the Champion of Cheibriados.
             Demolished by oplop's ghost (26 damage)
             ... on level 1 of the Realm of Zot on Nov 13, 2015.
             The game lasted 07:37:54 (74616 turns).

HaroldButt the Acrobat (DrTm)                      Turns: 74616, Time: 07:37:54

Health: -19/246    AC: 22    Str: 33    XL:     27
Magic:  45/49      EV: 40    Int: 39    God:    Cheibriados [******]
Gold:   1441       SH:  0    Dex: 37    Spells: 12 memorised, 6 levels left

rFire  + . .     SeeInvis .       - Unarmed
rCold  . . .     Clarity  .     (armour unavailable)
rNeg   + . .     SustAt   .     (shield currently unavailable)
rPois  +         Gourm    .     s - +3 hat of Pondering {ponderous, MR+ MP+10 Int+5}
rElec  +         Spirit   .     m - +2 cloak of Vlad {MR+ Int+4 Stlth+}
rCorr  +         Warding  .     (gloves currently unavailable)
rMut   .         Stasis   .     U - +2 pair of boots {Fly}
MR     +++++                    z - amulet "Cuaromu" {+Rage rElec rN+ MR+ Str+4}
Stlth  ++++++++..               h - +6 ring of slaying
                                l - ring of protection from fire

@: blade hands, slowed, studying Evocations, deflect missiles, very slow, almost
entirely resistant to hostile enchantments, extraordinarily stealthy
A: spit acid, acid resistance, unfitting armour, talons 1, camouflage 1, blink,
poison resistance, acidic bite, cold-blooded, AC +13
a: Spit Acid, End Transformation, Blink, Bend Time, Temporal Distortion, Slouch,
Step From Time, Renounce Religion, Evoke Berserk Rage, Evoke Flight
}: 3/15 runes: serpentine, barnacled, silver


You were on level 1 of the Realm of Zot.
You worshipped Cheibriados.
Cheibriados was exalted by your worship.
You were not hungry.
You had blades for hands.
You visited 11 branches of the dungeon, and saw 53 of its levels.
You visited the Abyss 1 time.
You also visited: Labyrinth, Trove, Volcano and Wizlab.

You collected 7744 gold pieces.
You spent 6303 gold pieces at shops.

Inventory:

Missiles
 a - 1632 arrows
Armour
 m - the +2 cloak of Vlad (worn) {MR+ Int+4 Stlth+}
   (You found it on level 1 of the Elven Halls)

   It affects your intelligence (+4).
   It affects your resistance to hostile enchantments.
   It makes you more stealthy.
 s - the +3 hat of Pondering (worn) {ponderous, MR+ MP+10 Int+5}
   (You took it off Gastronok on level 2 of the Orcish Mines)

   It affects your intelligence (+5).
   It affects your resistance to hostile enchantments.
   It affects your magic capacity (+10).
 H - the +2 pair of fencer's gloves (melded) {LBl+4 SBl+4 EV+3 Dex+6}
   (You found it on level 3 of the Crypt)

   It affects your evasion (+3).
   It affects your dexterity (+6).
 U - a +2 pair of boots of flying (worn)
Jewellery
 h - a +6 ring of slaying (right scythe-like blade)
 l - a ring of protection from fire (left scythe-like blade)
 q - the ring "Vumiux" {rF- rN+ Str+2 SInv, unknown}
   (You took it off a vault sentinel on level 5 of the Vaults)

   [ring of strength]

   It affects your strength (+2).
   It makes you vulnerable to fire.
   It protects you from negative energy.
   It lets you see invisible.
 x - the ring "Giotwet" {rElec MR++ SInv}
   (You found it in a treasure trove)

   [ring of see invisible]

   It insulates you from electricity.
   It affects your resistance to hostile enchantments.
   It lets you see invisible.
 z - the amulet "Cuaromu" (around neck) {+Rage rElec rN+ MR+ Str+4}
   (You bought it in a shop on level 4 of the Orcish Mines)

   [amulet of rage]

   It affects your strength (+4).
   It insulates you from electricity.
   It protects you from negative energy.
   It affects your resistance to hostile enchantments.
   It lets you go berserk.
 F - the ring of Cuach {+Inv Int+5 Dex+4}
   (You found it on level 7 of the Dungeon)

   [ring of invisibility]

   It affects your intelligence (+5).
   It affects your dexterity (+4).
   It lets you turn invisible.
 M - the amulet of Winter {rMut *Corrode Dex+4 Slay+2 Stlth+}
   (You found it in a treasure trove)

   [amulet of resist mutation]

   It protects you from mutation.
   It affects your dexterity (+4).
   It affects your accuracy and damage with ranged weapons and melee attacks
   (+2).
   It may corrode your equipment when you take damage.
   It makes you more stealthy.
 P - the ring of Vudup {-Tele rPois rF++ rN+ SInv}
   (You took it off a death knight on level 3 of the Crypt)

   [ring of positive energy]

   It greatly protects you from fire.
   It protects you from poison.
   It protects you from negative energy.
   It lets you see invisible.
   It prevents most forms of teleportation.
 X - an uncursed ring of protection from cold
Wands
 b - a wand of heal wounds (1)
 t - a wand of digging (9)
 A - a wand of teleportation (4)
 O - a wand of digging (19)
 R - a wand of disintegration (2)
 Z - a wand of disintegration (6)
Scrolls
 e - 7 scrolls of magic mapping
 n - 5 scrolls of enchant armour
 o - 19 scrolls of remove curse
 u - a scroll of holy word
 v - 8 scrolls of fog
 y - 6 scrolls of blinking
 D - 11 scrolls of amnesia
 E - 8 scrolls of teleportation
 G - 11 scrolls of recharging
 I - 10 scrolls of fear
 K - 4 scrolls of silence
 N - 8 scrolls of summoning
 T - 3 scrolls of identify
Potions
 d - 22 potions of curing
 g - 7 potions of might
 j - 7 potions of agility
 k - 7 potions of brilliance
 B - 4 potions of resistance
 C - 3 potions of cure mutation
 L - 3 potions of cancellation
 Q - 6 potions of magic
 W - a potion of invisibility
Books
 i - a Necronomicon

   Spells                             Type                      Level
   a - Haunt                          Necromancy/Summoning         7
   b - Borgnjor's Revivification      Necromancy                   8
   c - Death's Door                   Charms/Necromancy            8
   d - Necromutation                  Transmutation/Necromancy     8
 p - a book of Transfigurations

   Spells                             Type                      Level
   a - Stoneskin                      Transmutation/Earth          2
   b - Irradiate                      Conjuration/Transmutation    5
   c - Statue Form                    Transmutation/Earth          6
   d - Hydra Form                     Transmutation                6
   e - Dragon Form                    Transmutation                7
 J - a book of the Tempests

   Spells                             Type                      Level
   a - Static Discharge               Conjuration/Air              3
   b - Lightning Bolt                 Conjuration/Air              5
   c - Fireball                       Conjuration/Fire             5
   d - Tornado                        Air                          9
   e - Shatter                        Earth                        9
 Y - a manual of Evocations
Comestibles
 c - 25 bread rations
 f - 27 meat rations
 r - 8 beef jerkies
 w - 24 royal jellies
 S - 2 fruits


   Skills:
 + Level 20.0 Fighting
 + Level 22.9 Dodging
 - Level 15.6 Stealth
 + Level 20.1 Unarmed Combat
 - Level 12.5 Spellcasting
 - Level 11.0 Charms
 - Level 16.4 Transmutations
 - Level 12.9 Ice Magic
 - Level 12.0 Air Magic
 - Level 6.1 Poison Magic
 - Level 13.0 Invocations
 + Level 6.3 Evocations


You had 6 spell levels left.
You knew the following spells:

 Your Spells              Type           Power        Failure   Level  Hunger
a - Beastly Appendage     Trmt           ######       3%          1    None
b - Sticks to Snakes      Trmt           ########..   3%          2    None
c - Spider Form           Trmt/Pois      #######...   6%          3    None
d - Blade Hands           Trmt           ########..   6%          5    None
e - Ice Form              Ice/Trmt       #######.     6%          4    None
f - Silence               Hex/Air        ######....   28%         5    None
g - Deflect Missiles      Chrm/Air       #######...   21%         6    ###....
h - Blink                 Tloc           N/A          21%         2    None
i - Regeneration          Chrm/Necr      ######....   12%         3    None
j - Ozocubu's Armour      Chrm/Ice       #######.     4%          3    None
k - Condensation Shield   Ice            #######...   8%          4    None
l - Dragon Form           Trmt           ########..   17%         7    #####..


Dungeon Overview and Level Annotations

Branches:
Dungeon (15/15)            Temple (1/1) D:6            Lair (8/8) D:10
 Shoals (4/4) Lair:3        Snake (4/4) Lair:5        Slime (0/6) Lair:7
    Orc (4/4) D:10            Elf (3/3) Orc:4        Vaults (5/5) D:14
  Crypt (3/3) Vaults:2       Tomb (0/3) Crypt:3      Depths (5/5) D:15
    Zot (1/5) Depths:5

Altars:
Ashenzari
Cheibriados
Dithmenos
Elyvilon
Fedhas
Gozag
Kikubaaqudgha
Makhleb
Nemelex Xobeh
Okawaru
Qazlal
Ru
Sif Muna
Trog
Vehumet
Xom
Yredelemnul
Zin
The Shining One
Beogh
Jiyva
Lugonu

Shops:
D:5 *   D:7 (   D:12 [   Orc:1 *   Orc:2 ?*   Orc:4 (=(}!   Elf:2 *   Snake:3 *
Vaults:1 *

Portals:
Hell: Depths:1 Depths:2 Depths:3 Depths:4 Depths:5
Abyss: Depths:2 Depths:4 Depths:5
Pandemonium: Depths:2 Depths:3
Ziggurat: Depths:1

Annotations:
Lair:6 oclob, exclusion: oklob plant
Zot:1 oplop's ghost, legendary MfIE


Innate Abilities, Weirdness & Mutations

You can spit globs of acid.
You are resistant to acid.
Your golden yellow scales are hard (AC +13).
Your body does not fit into most forms of armour.
You have acidic saliva.
You are cold-blooded and may be slowed by cold attacks.
You have sharp toenails.
Your skin changes colour to match your surroundings (Stealth).
You can translocate small distances at will.
Your system is resistant to poisons.


Message History

* * * LOW HITPOINT WARNING * * *
x2 You completely miss oplop's ghost.
Your slash misses oplop's ghost. Your bite misses oplop's ghost.
You are engulfed in freezing vapours.
* * * LOW HITPOINT WARNING * * *
Oplop's ghost casts a spell at you.
You are frozen.
* * * LOW HITPOINT WARNING * * *
You feel jittery for a moment.
You feel slightly more hungry.
You are engulfed in freezing vapours.
You feel as though you will be slow longer.
You hear a roar!
Oplop's ghost closely misses you.
You hear a roar! x2
Drink which item? (? for menu, Esc to quit)
You feel better.
You are engulfed in freezing vapours.
You feel as though you will be slow longer.
* * * LOW HITPOINT WARNING * * *
You hear a roar!
Oplop's ghost hits you!!
You die...

##[..##
##...##
##...## ....
##...# ..?.
##..######...#
#.....^....#
#.....[.§§.#
#..#####X§.#
#..##@#§# #
#..###W#
#.§##§###..#
#^§dykqdb..#


#kqkkd§db..# #.)######q... #d..# ... #..q## ## #...# You could see oplop's
ghost.

Vanquished Creatures
  Khufu (Crypt:2)
  Mara (Elf:3)
  2 ancient liches (Vaults:5)
  A greater mummy (Crypt:2)
  Sojobo (Crypt:3)
  The ghost of McCoppin the Phalangite, a master FoFi of Okawaru (Depths:5)
  Frederick (Vaults:2)
  Margery (Depths:4)
  Norris (Depths:2)
  A caustic shrike (Depths:4)
  4 tentacled monstrosities
  4 golden dragons
  Nikola (Elf:3)
  Jory (Vaults:4)
  the Enchantress (Depths:2)
  Xtahua (Crypt:2)
  2 bone dragons
  A profane servitor (Crypt:3)
  Jorgrun (Elf:3)
  5 liches
  Asterion (Elf:2)
  3 deep elf blademasters
  2 deep elf master archers (Elf:3)
  4 quicksilver dragons
  5 titans
  4 octopode crushers (Depths:2)
  5 ancient champions
  2 krakens (Shoals:1)
  Gastronok (Orc:2)
  6 shadow dragons
  8 sphinxes
  14 tengu reavers
  A thorn hunter (Depths:2)
  4 storm dragons
  18 greater nagas
  5 fire giants
  Wiglaf (Crypt:3)
  2 daevas (Depths:1)
  4 revenants
  The ghost of radek the Geomancer, an adept GrEE of Vehumet (Elf:1)
  7 frost giants
  An iron dragon (Vaults:5)
  An emperor scorpion (shapeshifter) (Depths:5)
  21 vault wardens
  6 deep elf sorcerers
  Aizul (Vaults:2)
  2 draconian shifters (Depths:5)
  Louise (Elf:3)
  2 orc warlords
  4 curse skulls
  A draconian zealot (Depths:5)
  9 ghouls (Crypt:3)
  2 angels (Depths:1)
  16 ironheart preservers
  20 stone giants
  A draconian annihilator (Abyss:1)
  7 spriggan defenders
  2 caustic shrike skeletons
  A juggernaut skeleton (Depths:1)
  8 vampire knights
  2 war gargoyles (Vaults:5)
  25 very ugly things
  A green draconian (Depths:5)
  Nessos (Lair:5)
  2 black draconians (Depths:5)
  9 deep elf demonologists
  9 deep elf annihilators
  2 salamander stormcallers
  A white draconian (Depths:5)
  14 dire elephants (Depths:3)
  19 eidola
  A mottled draconian (Zot:1)
  The ghost of cireshan the Eclecticist, a journeyman DECj of Sif Muna (Lair:5)
  Snorg (Orc:2)
  7 merfolk javelineers
  8 merfolk impalers
  7 deep elf death magi
  4 jiangshi
  5 deep elf high priests
  5 fire dragons
  37 vault guards
  15 ettins
  Josephine (Lair:8)
  A mummy priest (Crypt:3)
  2 minotaurs
  20 yaktaur captains
  2 quicksilver dragon zombies
  12 great orbs of eyes
  5 entropy weavers
  2 hydras
  3 rakshasas
  25 naga warriors
  17 anacondas
  18 ogre magi
  4 spriggan air magi
  6 merfolk avatars
  Erica (Elf:3)
  10 ice dragons
  A merfolk aquamancer (Shoals:4)
  18 dancing weapons (Elf:2)
  4 alligator snapping turtles (Depths:2)
  2 catoblepae (Lair:6)
  8 death knights
  17 centaur warriors
  3 satyrs
  A titan zombie (Crypt:3)
  9 deep troll shamans
  2 orc high priests
  3 spriggan berserkers
  5 vampire magi
  5 tengu warriors
  Urug (Lair:3)
  An iron golem (WizLab)
  20 deep troll earth magi
  29 naga sharpshooters
  Nergalle (Lair:1)
  2 storm dragon zombies (Crypt:3)
  A titan skeleton (Crypt:2)
  17 hell knights
  2 fire crabs
  10 shock serpents
  2 iron trolls (Depths:2)
  2 salamander mystics
  3 fire crabs (shapeshifter)
  4 shadow wraiths
  37 skeletal warriors
  A spatial maelstrom (Abyss:1)
  4 unseen horrors
  2 soul eaters (Crypt:1)
  A deep troll (shapeshifter) (Depths:4)
  28 deep elf knights
  30 deep trolls
  A ghost moth zombie (Crypt:3)
  10 sea snakes
  An anaconda zombie (Crypt:1)
  A sea snake (shapeshifter) (Vaults:5)
  2 shambling mangroves (Depths:2)
  2 starcursed masses (Abyss:1)
  An unseen horror (shapeshifter) (D:15)
  9 flayed ghosts
  14 harpies
  14 hill giants
  An orange crystal statue (Depths:2)
  2 giant orange brains
  12 naga ritualists
  9 deep elf summoners
  7 necromancers
  19 ironbrand convokers
  2 wizards
  10 orc knights
  62 ugly things
  16 deep elf conjurers
  A golden dragon skeleton (Depths:4)
  2 wolf spider zombies (Crypt:1)
  A lindwurm (shapeshifter) (WizLab)
  11 mana vipers
  32 phantasmal warriors
  2 harpies (shapeshifter) (WizLab)
  10 wolf spiders
  5 hornets
  An orc sorcerer (Vaults:2)
  6 fauns
  3 iron dragon zombies
  A salamander (shapeshifter) (WizLab)
  3 stone giant zombies
  2 fire giant zombies
  2 frost giant zombies (Crypt:3)
  A sphinx skeleton (Crypt:2)
  8 cyclopes
  2 worldbinders (Abyss:1)
  2 fire giant skeletons
  3 cyclopes (shapeshifter)
  69 black mambas
  18 naga magi
  10 griffons
  9 manticores
  15 salamanders
  16 vault sentinels
  6 molten gargoyles
  Maurice (Orc:1)
  A dire elephant zombie (Crypt:1)
  A smoke demon (Abyss:1)
  2 moths of wrath (Zot:1)
  An octopode (shapeshifter) (Vaults:3)
  A water nymph (Depths:2)
  An iron dragon skeleton (Crypt:1)
  12 elephants
  6 sirens
  A gargoyle (D:14)
  2 moths of wrath (shapeshifter)
  A black mamba (shapeshifter) (WizLab)
  A catoblepas zombie (Crypt:2)
  4 guardian serpents
  3 guardian serpents (shapeshifter)
  A spiny frog (shapeshifter) (WizLab)
  A torpor snail (shapeshifter) (WizLab)
  14 komodo dragons
  19 spiny frogs
  57 yaktaurs
  A green draconian zombie (Crypt:2)
  3 kobold demonologists
  A tormentor (Vaults:2)
  4 fire drakes
  14 freezing wraiths
  A fire drake (shapeshifter) (Elf:2)
  3 tengu conjurers
  13 deep elf priests
  3 queen bees
  A guardian mummy (Crypt:3)
  2 jumping spiders (shapeshifter) (WizLab)
  4 polar bears
  2 giant leeches (Lair:8)
  26 merfolk
  5 trolls (shapeshifter)
  3 jumping spiders (Crypt:3)
  34 two-headed ogres
  A wind drake (shapeshifter) (Vaults:5)
  A hydra zombie (Crypt:3)
  A polar bear (shapeshifter) (WizLab)
  2 wind drakes
  Prince Ribbit (D:7)
  7 trolls
  2 frost giant simulacra
  2 two-headed ogres (shapeshifter)
  3 raiju (Abyss:1)
  3 harpy skeletons
  3 boulder beetles
  A fire dragon zombie (Crypt:3)
  3 ice dragon zombies
  21 slime creatures
  3 blink frogs (shapeshifter) (WizLab)
  3 flying skulls (Crypt:1)
  A satyr zombie (Crypt:1)
  An ushabti (Crypt:3)
  An iron dragon simulacrum (Crypt:2)
  24 blink frogs
  6 snapping turtles
  4 shadows
  5 water elementals
  A tarantella (Depths:1)
  A trapdoor spider (D:14)
  68 yaks
  2 human simulacra (Vaults:1)
  3 tarantellas (shapeshifter)
  4 wyverns
  17 redbacks
  An ettin skeleton (Abyss:1)
  A fire dragon skeleton (Crypt:1)
  An alligator skeleton (Crypt:2)
  A black mamba zombie (Crypt:1)
  15 wraiths
  3 trapdoor spiders (shapeshifter)
  3 spriggans
  A golden eye (shapeshifter) (WizLab)
  A dire elephant simulacrum (Crypt:1)
  2 humans (WizLab)
  3 spriggans (shapeshifter)
  6 basilisks
  A redback (shapeshifter) (Vaults:1)
  2 hippogriffs (shapeshifter) (WizLab)
  31 deep elf magi
  A hog (shapeshifter) (Depths:5)
  10 vampire mosquitoes
  A neqoxec (Abyss:1)
  A wolf (shapeshifter) (Depths:2)
  26 wolves
  A human (shapeshifter) (WizLab)
  2 fire bats (Volcano)
  2 yaks (shapeshifter)
  A redback simulacrum (Vaults:1)
  4 hungry ghosts
  5 wargs
  18 hippogriffs
  81 nagas
  An emperor scorpion simulacrum (Crypt:1)
  36 deep elf fighters
  11 porcupines
  22 water moccasins
  2 soldier ants
  2 soldier ants (shapeshifter) (WizLab)
  3 spatial vortices (Abyss:1)
  5 spiders (Crypt:3)
  A spiny frog zombie (Crypt:1)
  A black bear (Lair:3)
  2 phantoms (D:11)
  An eye of draining (D:11)
  A spider (shapeshifter) (Depths:1)
  8 wasps
  An ettin simulacrum (Vaults:1)
  A manticore zombie (Crypt:1)
  60 ogres
  5 boggarts (Vaults:1)
  56 orc warriors
  2 swamp dragon zombies
  14 necrophages
  An elf simulacrum (Depths:4)
  8 ice beasts
  A tengu (shapeshifter) (D:15)
  An ogre (shapeshifter) (Depths:2)
  13 large abominations
  3 sky beasts
  36 centaurs
  14 crocodiles
  26 giant frogs
  A wyvern zombie (Crypt:2)
  6 big kobolds
  4 gnoll sergeants (D:5)
  7 wyvern skeletons (Crypt:3)
  10 small abominations
  8 scorpions
  A yak zombie (Crypt:1)
  A raiju zombie (Crypt:2)
  A troll zombie (Crypt:3)
  2 elf skeletons
  60 killer bees
  21 wights
  4 lava snakes (Snake:3)
  A warg skeleton (Crypt:1)
  4 electric eels
  12 crimson imps
  A quasit (D:10)
  22 orc priests
  5 giant frog zombies
  10 hounds
  3 jellies
  4 centaur zombies
  34 orc wizards
  Jessica (D:15)
  6 centaur skeletons
  2 gnoll shamans (D:5)
  11 worker ants
  3 giant frog skeletons
  13 iguanas
  37 sheep
  A dwarf zombie (Crypt:2)
  A crocodile skeleton (Crypt:2)
  A dwarf skeleton (Crypt:2)
  A hound skeleton (D:4)
  3 mummies
  2 worker ant zombies
  22 gnolls
  14 adders
  82 river rats
  A swamp drake zombie (Crypt:2)
  A steam dragon skeleton (Crypt:1)
  9 shadow imps
  3 white imps (Lair:7)
  4 giant eyeballs (WizLab)
  2 oozes
  3 adder zombies
  A halfling zombie (Crypt:2)
  4 worms
  9 giant geckos
  209 orcs
  6 giant cockroaches
  9 hobgoblins
  15 jackals
  39 kobolds
  5 quokkas
  7 ball pythons
  4 bats
  2 giant gecko zombies (D:6)
  9 giant newts
  9 goblins
  A kobold zombie (Crypt:3)
  A quokka (shapeshifter) (Vaults:5)
  A quokka skeleton (D:4)
  12 rats
  2 butterflies
  3 crawling corpses (Vaults:4)
  6 fire vortices
  A fungus (Lair:6)
  A lost soul (Crypt:3)
  10 plants
  8 tentacles (Shoals:1)
3080 creatures vanquished.

Vanquished Creatures (collateral kills)
  An ettin (Vaults:5)
  A merfolk impaler (Shoals:4)
  A centaur warrior (Orc:4)
  4 merfolk avatars
  2 orc knights (Orc:4)
  An orc sorcerer (Orc:4)
  A water nymph (shapeshifter) (Vaults:5)
  A deep elf priest (Vaults:5)
  A deep elf mage (Vaults:5)
  2 deep elf fighters
  A soldier ant (D:10)
  11 orc warriors (Orc:4)
  6 centaurs (Orc:4)
  An orc wizard (Orc:4)
  An orc priest (Orc:4)
  12 orcs (Orc:4)
  A plant (Shoals:3)
48 creatures vanquished.

Vanquished Creatures (others)
  A phantasmal warrior (Depths:4)
  A blink frog (Lair:5)
  A two-headed ogre (Vaults:5)
  An orc warrior (Orc:4)
  An ogre (Vaults:5)
  An electric eel (Depths:2)
  A worker ant (D:7)
  An orc (Orc:4)
  2 briar patches (Depths:2)
  A bush (Lair:6)
  A fire vortex (Vaults:2)
  76 fungi
  7 lost souls
  122 plants
  27 tentacles (Shoals:1)
  1296 tentacle segments (Shoals:1)
1540 creatures vanquished.

Grand Total: 4668 creatures vanquished

Notes
Turn   | Place    | Note
--------------------------------------------------------------
     0 | D:1      | HaroldButt the Draconian Transmuter began the quest for the Orb.
     0 | D:1      | Reached XP level 1. HP: 16/16 MP: 3/3
   257 | D:1      | Reached XP level 2. HP: 20/23 MP: 5/5
   642 | D:1      | Reached skill level 4 in Unarmed Combat
   899 | D:2      | Reached XP level 3. HP: 20/28 MP: 6/6
  1499 | D:2      | Reached XP level 4. HP: 35/35 MP: 7/7
  1569 | D:2      | Reached skill level 5 in Unarmed Combat
  1688 | D:2      | Learned a level 2 spell: Sticks to Snakes
  1692 | D:2      | Learned a level 3 spell: Spider Form
  1693 | D:2      | Gained mutation: You expend magic power (3 MP) to strengthen your wands. [potion of mutation]
  1693 | D:2      | Gained mutation: You possess an exceptional clarity of mind. [potion of mutation]
  1693 | D:2      | Gained mutation: You have sharp toenails. [potion of mutation]
  1694 | D:2      | Gained mutation: You are clumsy. (Dex -2) [potion of mutation]
  1695 | D:2      | Gained mutation: Your skin changes colour to match your surroundings (Stealth). [potion of mutation]
  1695 | D:2      | Gained mutation: You are somewhat resistant to further mutation. [potion of mutation]
  2557 | D:3      | Reached XP level 5. HP: 24/40 MP: 6/8
  2946 | D:3      | Found a stormy altar of Qazlal.
  3647 | D:4      | Noticed an ogre
  3675 | D:4      | Killed an ogre
  3675 | D:4      | Reached skill level 5 in Transmutations
  3675 | D:4      | Reached XP level 6. HP: 47/47 MP: 9/9
  4051 | D:4      | Reached skill level 1 in Poison Magic
  4343 | D:5      | Entered Level 5 of the Dungeon
  4576 | D:5      | Your scales start taking on a golden yellow colour.
  4576 | D:5      | Reached XP level 7. HP: 33/52 MP: 8/10
  5269 | D:5      | Reached skill level 5 in Poison Magic
  5626 | D:5      | Noticed a wolf
  5657 | D:5      | Killed a wolf
  5696 | D:5      | Reached XP level 8. HP: 14/59 MP: 8/11
  6131 | D:5      | Reached skill level 5 in Dodging
  6862 | D:5      | Reached skill level 6 in Transmutations
  6965 | D:5      | Found Vighaomi's Assorted Antiques.
  6995 | D:5      | Bought a scroll of fear for 84 gold pieces
  6995 | D:5      | Bought a glowing cloak for 108 gold pieces
  7300 | D:6      | Found an iron altar of Okawaru.
  7364 | D:6      | Found a staircase to the Ecumenical Temple.
  7386 | Temple   | Entered the Ecumenical Temple
  7524 | Temple   | Became a worshipper of Cheibriados the Contemplative
  8373 | D:6      | Reached * piety under Cheibriados
  8600 | D:7      | Noticed Prince Ribbit
  8615 | D:7      | Killed Prince Ribbit
  8615 | D:7      | Reached XP level 9. HP: 65/71 MP: 10/14
  8651 | D:7      | Learned a level 5 spell: Blade Hands
  8677 | D:7      | Found a glowing golden altar of the Shining One.
  8679 | D:7      | Noticed an angel
  8686 | D:7      | Found a basalt altar of Yredelemnul.
  8688 | D:7      | Noticed a profane servitor
  8986 | D:7      | Found Ucseegaops's Antique Weapon Boutique.
  8988 | D:7      | Got a steaming pewter ring
  8990 | D:7      | Identified the ring of Cuach {+Inv Int+5 Dex+4} (You found it on level 7 of the Dungeon)
  9195 | D:7      | Reached skill level 7 in Transmutations
  9422 | D:8      | Reached ** piety under Cheibriados
  9692 | D:8      | Found a radiant altar of Vehumet.
  9931 | D:9      | Reached skill level 8 in Transmutations
 10302 | D:9      | Reached XP level 10. HP: 67/78 MP: 4/15
 10368 | D:9      | Found an ancient bone altar of Kikubaaqudgha.
 10445 | D:9      | Reached *** piety under Cheibriados
 10449 | D:9      | Reached skill level 9 in Transmutations
 10450 | D:9      | Found a deep blue altar of Sif Muna.
 10497 | D:9      | Found a shadowy altar of Dithmenos.
 10922 | D:9      | Found a bloodstained altar of Trog.
 10937 | D:9      | Reached **** piety under Cheibriados
 11155 | D:9      | Found a sparkling altar of Nemelex Xobeh.
 11333 | D:10     | Entered Level 10 of the Dungeon
 11368 | D:10     | Reached skill level 10 in Transmutations
 11370 | D:10     | Found a staircase to the Lair.
 11659 | D:10     | Reached ***** piety under Cheibriados
 11723 | D:10     | Found a staircase to the Orcish Mines.
 11881 | D:10     | Reached XP level 11. HP: 27/83 MP: 16/16
 12155 | Lair:1   | Entered Level 1 of the Lair of Beasts
 12165 | Lair:1   | Reached skill level 11 in Transmutations
 12550 | Lair:1   | Noticed Nergalle
 12557 | Lair:1   | Killed Nergalle
 12856 | Lair:1   | Reached skill level 10 in Dodging
 12907 | Lair:1   | Learned a level 4 spell: Ice Form
 13564 | Lair:2   | Reached ****** piety under Cheibriados
 13589 | Lair:2   | Found a dark tunnel.
 13594 | Volcano  | Entered a volcano
 14108 | Volcano  | Found a radiant altar of Vehumet.
 14108 | Volcano  | Noticed a hill giant
 14108 | Volcano  | Noticed an ogre mage
 14122 | Volcano  | Killed a hill giant
 14128 | Volcano  | Killed an ogre mage
 14136 | Volcano  | Noticed a hill giant
 14146 | Volcano  | Killed a hill giant
 14170 | Volcano  | Reached XP level 12. HP: 73/91 MP: 11/17
 15715 | Lair:3   | Found a staircase to the Shoals.
 15723 | Lair:3   | Reached skill level 12 in Dodging
 15881 | Lair:3   | Reached skill level 10 in Unarmed Combat
 16020 | Lair:3   | Noticed Urug
 16026 | Lair:3   | Killed Urug
 17380 | Lair:5   | Noticed Nessos
 17394 | Lair:5   | Killed Nessos
 17394 | Lair:5   | Reached XP level 13. HP: 51/96 MP: 16/20
 17416 | Lair:5   | Reached skill level 5 in Spellcasting
 17626 | Lair:5   | Noticed cireshan's ghost (journeyman DECj)
 17634 | Lair:5   | Killed cireshan's ghost
 17634 | Lair:5   | Reached skill level 13 in Dodging
 17980 | Lair:5   | Found a staircase to the Snake Pit.
 18951 | Lair:6   | Found a labyrinth entrance.
 18960 | Lab      | Entered a labyrinth
 19038 | Lab      | Identified the Almanac of Flying Dislocation
 19116 | Lair:6   | Reached skill level 14 in Dodging
 20614 | Lair:7   | Gained mutation: You have acidic saliva. [Yellow Draconian growth]
 20614 | Lair:7   | Reached XP level 14. HP: 97/103 MP: 24/26
 20663 | Lair:7   | Found a staircase to the Slime Pits.
 20663 | Lair:7   | Found a viscous altar of Jiyva.
 21562 | Orc:1    | Entered Level 1 of the Orcish Mines
 21576 | Orc:1    | Found Wokhak's Assorted Antiques.
 21581 | Orc:1    | Noticed Maurice
 21590 | Orc:1    | Killed Maurice
 21602 | Orc:1    | Bought a scroll of blinking for 240 gold pieces
 21602 | Orc:1    | Bought a scroll of fear for 112 gold pieces
 21602 | Orc:1    | Bought a scroll labeled COCWIJUYN OFAU for 32 gold pieces
 21609 | Orc:1    | Found a roughly hewn altar of Beogh.
 21922 | Orc:2    | Found Xyvuq's Magic Scroll Emporium.
 21942 | Orc:2    | Bought a scroll of teleportation for 33 gold pieces
 21942 | Orc:2    | Bought a scroll of teleportation for 33 gold pieces
 21942 | Orc:2    | Bought a scroll of identify for 22 gold pieces
 21942 | Orc:2    | Bought a scroll of magic mapping for 38 gold pieces
 21942 | Orc:2    | Bought a scroll of magic mapping for 38 gold pieces
 22056 | Orc:2    | Found Sinaf's Superlative Supplies.
 22057 | Orc:2    | Noticed Snorg
 22069 | Orc:2    | Killed Snorg
 22135 | Orc:2    | Noticed Gastronok
 22143 | Orc:2    | Killed Gastronok
 23758 | Orc:3    | Reached skill level 15 in Dodging
 23758 | Orc:3    | Reached skill level 10 in Spellcasting
 23841 | Orc:4    | Entered Level 4 of the Orcish Mines
 23845 | Orc:4    | Found a staircase to the Elven Halls.
 24285 | Orc:4    | Found Wivuorim's Gadget Shop.
 24285 | Orc:4    | Found Aqipte Guto's Weapon Emporium.
 24288 | Orc:4    | Found Binukuac's Jewellery Shoppe.
 24359 | Orc:4    | Found Ysoq Cent's Antique Weapon Emporium.
 24561 | Orc:4    | Reached skill level 5 in Fighting
 24594 | Orc:4    | Found Heziulox's Distillery.
 24604 | Orc:4    | Bought 2 potions of heal wounds for 150 gold pieces
 24609 | Orc:4    | Bought the amulet "Cuaromu" {+Rage rElec rN+ MR+ Str+4} for 1155 gold pieces
 24680 | Orc:4    | Found a roughly hewn altar of Beogh.
 24738 | Orc:4    | Noticed an orc warlord
 24746 | Orc:4    | Killed an orc warlord
 25636 | Lair:8   | Entered Level 8 of the Lair of Beasts
 25642 | Lair:8   | Noticed Josephine
 25650 | Lair:8   | Killed Josephine
 26116 | Lair:8   | Reached XP level 15. HP: 97/121 MP: 29/29
 26766 | Lair:8   | Reached skill level 16 in Dodging
 27607 | D:11     | Found a large runed door.
 27608 | D:11     | Found a large runed door.
 28285 | D:11     | Found an iron altar of Okawaru.
 28285 | D:11     | Found an iron altar of Okawaru.
 28397 | D:12     | Found Raeso's Antique Armour Shoppe.
 28410 | D:12     | Bought a pair of glowing gloves for 117 gold pieces
 29195 | D:13     | Reached skill level 10 in Fighting
 29313 | D:13     | Reached skill level 1 in Invocations
 29471 | D:13     | Found a shimmering altar of Xom.
 30014 | D:14     | Found a gate to the Vaults.
 30046 | D:14     | Reached skill level 5 in Invocations
 30499 | D:14     | Reached skill level 17 in Dodging
 31167 | D:14     | Reached XP level 16. HP: 121/134 MP: 30/30
 31360 | D:15     | Entered Level 15 of the Dungeon
 31360 | D:15     | Found a deep blue altar of Sif Muna.
 31603 | D:15     | Found a roughly hewn altar of Beogh.
 31902 | D:15     | Noticed Jessica
 31908 | D:15     | Found a deep blue altar of Sif Muna.
 31919 | D:15     | Killed Jessica
 32073 | D:15     | Found a staircase to the Depths.
 32813 | Snake:1  | Entered Level 1 of the Snake Pit
 32826 | Snake:1  | Learned a level 5 spell: Silence
 34102 | Snake:2  | Learned a level 6 spell: Deflect Missiles
 34227 | Snake:2  | Reached skill level 1 in Charms
 34227 | Snake:2  | Reached skill level 1 in Air Magic
 35199 | Snake:2  | Got a pair of faintly humming gloves
 35211 | Snake:2  | Identified the +2 pair of gloves "Zujur" {+Inv MP-9 Int+6} (You acquired it on level 2 of the Snake Pit)
 35536 | Snake:3  | Reached skill level 5 in Air Magic
 35765 | Snake:3  | Reached skill level 5 in Charms
 35855 | Snake:3  | Found Daul's General Store.
 35864 | Snake:3  | Bought a potion of invisibility for 112 gold pieces
 35864 | Snake:3  | Bought a scroll of teleportation for 42 gold pieces
 36086 | Snake:3  | Reached XP level 17. HP: 131/140 MP: 31/31
 36297 | Snake:4  | Entered Level 4 of the Snake Pit
 38385 | Snake:4  | Reached skill level 10 in Air Magic
 38909 | Snake:4  | Got a serpentine rune of Zot
 39046 | Snake:4  | Reached XP level 18. HP: 119/147 MP: 32/32
 39082 | Snake:4  | Reached skill level 10 in Charms
 40657 | Shoals:1 | Entered Level 1 of the Shoals
 41689 | Shoals:1 | Reached skill level 18 in Dodging
 43336 | Shoals:3 | Reached XP level 19. HP: 155/158 MP: 33/33
 43776 | Shoals:4 | Entered Level 4 of the Shoals
 44844 | Shoals:4 | Got a barnacled rune of Zot
 45243 | Vaults:1 | Entered Level 1 of the Vaults
 45314 | Vaults:1 | Found Keyrph's Assorted Antiques.
 45324 | Vaults:1 | Bought a hardcover manual for 420 gold pieces
 45324 | Vaults:1 | Bought a scroll of blinking for 210 gold pieces
 47058 | Vaults:2 | Found a staircase to the Crypt.
 47058 | Vaults:2 | Found an ancient bone altar of Kikubaaqudgha.
 47059 | Vaults:2 | Found a basalt altar of Yredelemnul.
 47321 | Vaults:2 | Noticed Aizul
 47325 | Vaults:2 | Killed Aizul
 47326 | Vaults:2 | Noticed Frederick
 47336 | Vaults:2 | Killed Frederick
 47336 | Vaults:2 | Reached XP level 20. HP: 132/171 MP: 34/34
 47441 | Vaults:2 | Cast into the Abyss (drawing a card)
 47442 | Abyss:1  | Upgraded the game from 0.17.0-22-g5edae84 to 0.17.0-23-g0de4337
 47814 | Abyss:1  | Gained mutation: Scrolls take you a little longer to read. [a neqoxec]
 47856 | Vaults:2 | Escaped the Abyss
 47857 | Vaults:2 | HP: 8/172 [??? (4)]
 48848 | Vaults:3 | Reached skill level 19 in Dodging
 49882 | Vaults:4 | Lost mutation: You expend magic power (3 MP) to strengthen your wands. [potion of cure mutation]
 49882 | Vaults:4 | Lost mutation: You possess an exceptional clarity of mind. [potion of cure mutation]
 49882 | Vaults:4 | Lost mutation: You are clumsy. (Dex -2) [potion of cure mutation]
 49882 | Vaults:4 | Lost mutation: Scrolls take you a little longer to read. [potion of cure mutation]
 49882 | Vaults:4 | Lost mutation: You are somewhat resistant to further mutation. [potion of cure mutation]
 50392 | Vaults:4 | Noticed Jory
 50403 | Vaults:4 | Killed Jory
 50410 | Vaults:4 | Reached XP level 21. HP: 149/182 MP: 35/35
 50929 | Vaults:4 | Paralysed by a hornet for 4 turns
 51236 | Vaults:4 | Reached skill level 15 in Fighting
 51789 | Elf:1    | Entered Level 1 of the Elven Halls
 51918 | Elf:1    | Noticed radek's ghost (adept GrEE)
 51938 | Elf:1    | Killed radek's ghost
 52214 | Elf:1    | Reached skill level 1 in Stealth
 52272 | Elf:1    | Got a bloodstained cloak
 52283 | Elf:1    | Identified the +2 cloak of Vlad {MR+ Int+4 Stlth+} (You found it on level 1 of the Elven Halls)
 52719 | Elf:2    | Found Jimiufol's Assorted Antiques.
 52824 | Elf:2    | Found a runed gate.
 52824 | Elf:2    | Found a runed gate.
 52825 | Elf:2    | Found a runed gate.
 53526 | Elf:2    | Noticed Asterion
 53546 | Elf:2    | Killed Asterion
 54291 | Elf:2    | Reached skill level 15 in Unarmed Combat
 54455 | Elf:3    | Entered Level 3 of the Elven Halls
 54455 | Elf:3    | Noticed Mara
 54461 | Elf:3    | Noticed HaroldButt's illusion
 54478 | Elf:3    | Noticed Jorgrun
 54481 | Elf:3    | Killed Jorgrun
 54567 | Elf:3    | Noticed HaroldButt's illusion
 54671 | Elf:3    | Killed Mara
 54928 | Elf:3    | Noticed Nikola
 54934 | Elf:3    | Killed Nikola
 55040 | Elf:3    | Noticed Erica
 55041 | Elf:3    | Noticed Louise
 55053 | Elf:3    | Killed Louise
 55053 | Elf:3    | Reached skill level 5 in Stealth
 55098 | Elf:3    | Killed Erica
 55126 | Elf:3    | Reached skill level 20 in Dodging
 55343 | Elf:3    | Reached XP level 22. HP: 182/194 MP: 36/36
 55848 | Elf:3    | Identified Nejanui's Disquisition on the Oath
 55855 | Elf:3    | Identified An Early Guide to the Arcane Arts
 55859 | Elf:3    | Learned a level 2 spell: Blink
 55861 | Elf:3    | Identified the Papyrus of the Three Deaths
 56412 | Crypt:1  | Entered Level 1 of the Crypt
 56480 | Crypt:1  | Reached skill level 1 in Ice Magic
 56495 | Crypt:1  | HP: 6/196 [phantasmal warrior[a curse skull] (27)]
 57525 | Crypt:1  | Identified the Grimoire of Helpful Darkness
 57530 | Crypt:1  | Learned a level 3 spell: Regeneration
 57944 | Crypt:2  | Noticed Xtahua
 57957 | Crypt:2  | Reached skill level 5 in Ice Magic
 57962 | Crypt:2  | Killed Xtahua
 57964 | Crypt:2  | Noticed Khufu
 57964 | Crypt:2  | Noticed a greater mummy
 58379 | Vaults:2 | Learned a level 3 spell: Ozocubu's Armour
 58384 | Vaults:2 | Learned a level 4 spell: Condensation Shield
 58894 | Crypt:2  | Killed Khufu
 58919 | Crypt:2  | Killed a greater mummy
 59124 | Crypt:2  | Reached skill level 10 in Invocations
 59607 | Crypt:2  | Reached XP level 23. HP: 191/204 MP: 37/37
 59623 | Crypt:3  | Entered Level 3 of the Crypt
 60054 | Crypt:3  | Noticed Sojobo
 60076 | Crypt:3  | Killed Sojobo
 60099 | Crypt:3  | Noticed Wiglaf
 60106 | Crypt:3  | Killed Wiglaf
 61059 | Crypt:3  | Found a staircase to the Tomb.
 61365 | Crypt:3  | Found a basalt altar of Yredelemnul.
 61498 | Crypt:3  | Reached skill level 10 in Stealth
 61670 | Crypt:3  | Identified Alistair's Compendium of Toxins
 61673 | Crypt:3  | Identified Narukis's Guide on Ghastly Confrontation (You found it on level 3 of the Crypt)
 61680 | Crypt:3  | Got a smoking platinum ring
 61681 | Crypt:3  | Identified the ring of the Fifty Lies {+Inv rPois rN+} (You found it on level 3 of the Crypt)
 61695 | Crypt:3  | Got a serpentine copper ring
 61697 | Crypt:3  | Identified the ring of Vudup {-Tele rPois rF++ rN+ SInv} (You took it off a death knight on level 3 of the Crypt)
 61701 | Crypt:3  | Got a fine fire dragon armour
 61703 | Crypt:3  | Identified the cursed +0 fire dragon armour "Atsop" {*Corrode rElec rPois rF++ rC- Regen+} (You took it off a death knight on level 3 of the Crypt)
 61822 | Crypt:3  | Reached skill level 10 in Ice Magic
 62674 | Depths:1 | Entered Level 1 of the Depths
 62904 | Depths:1 | Found a gateway to a ziggurat.
 62945 | Depths:1 | Reached skill level 21 in Dodging
 63182 | Depths:1 | Reached XP level 24. HP: 212/212 MP: 37/37
 63321 | Depths:1 | Found a gateway to Hell.
 63519 | Depths:2 | Found a one-way gate to the infinite horrors of the Abyss.
 64108 | Depths:2 | Noticed the Enchantress
 64144 | Depths:2 | Killed the Enchantress
 64150 | Depths:2 | HP: 2/254 [spriggan air mage/the air[the Enchantress] (23)]
 64564 | Depths:2 | Found a portal to a secret trove of treasure.
 64985 | Depths:2 | Found a one-way gate leading to the halls of Pandemonium.
 65115 | Depths:2 | Noticed Norris
 65130 | Depths:2 | Killed Norris
 66568 | Depths:3 | Reached XP level 25. HP: 190/221 MP: 37/37
 67005 | Depths:3 | Reached skill level 15 in Stealth
 67258 | Depths:4 | Found a corrupted altar of Lugonu.
 67272 | Depths:4 | Found a magical portal.
 67281 | WizLab   | Entered Cigotuvi's Fleshworks
 67588 | WizLab   | Paralysed by a giant eyeball for 4 turns
 67597 | WizLab   | Paralysed by a giant eyeball for 4 turns
 67756 | WizLab   | Got an ancient platinum amulet
 67758 | WizLab   | Identified the amulet "Xunoy" {rMut Str+4} (You found it in a wizard's laboratory)
 67830 | WizLab   | Identified Sif Muna's Catalogue of Viperous Moulding
 67833 | WizLab   | Identified Cigotuvi's Grimoire of Unholy Shape Shifting (You found it in a wizard's laboratory)
 68142 | WizLab   | Gained mutation: You can translocate small distances at will. [potion of beneficial mutation]
 68143 | WizLab   | Gained mutation: You evolve. [potion of beneficial mutation]
 68144 | WizLab   | Gained mutation: Your system is resistant to poisons. [potion of beneficial mutation]
 68412 | Depths:4 | Noticed Margery
 68429 | Depths:4 | Killed Margery
 68485 | Depths:4 | Reached skill level 22 in Dodging
 69376 | Depths:4 | Reached skill level 15 in Transmutations
 69394 | Depths:4 | Lost mutation: You evolve. [evolution]
 69505 | Depths:4 | Identified Mueb's Disquisition on Execration (You found it on level 4 of the Depths)
 69514 | Depths:4 | Got a scorched jade ring
 69515 | Depths:4 | Identified the cursed ring "Reibruet" {+Blink Int-2} (You found it on level 4 of the Depths)
 69586 | Depths:5 | Entered Level 5 of the Depths
 69616 | Depths:5 | Learned a level 7 spell: Dragon Form
 69706 | Depths:5 | Noticed McCoppin's ghost (master FoFi)
 69714 | Depths:5 | Killed McCoppin's ghost
 69714 | Depths:5 | Reached XP level 26. HP: 233/233 MP: 37/38
 70126 | Depths:5 | Found a gate to the Realm of Zot.
 71390 | Orc:2    | Bought a +6 ring of slaying for 2157 gold pieces
 71390 | Orc:2    | Bought a +0 storm dragon armour for 1200 gold pieces
 71816 | Depths:2 | You paid a toll of a +2 storm dragon armour to enter a treasure trove
 71817 | Trove    | Entered a treasure trove
 71831 | Trove    | Got a sparkling tin ring
 71832 | Trove    | Identified the ring "Wies Wou" {SustAt rN+} (You found it in a treasure trove)
 71835 | Trove    | Got a smoking bone amulet
 71836 | Trove    | Identified the amulet of Winter {rMut *Corrode Dex+4 Slay+2 Stlth+} (You found it in a treasure trove)
 71845 | Trove    | Got a wavering jade ring
 71846 | Trove    | Identified the ring "Duepruisch" {rN++ MR- Stlth+} (You found it in a treasure trove)
 71853 | Trove    | Got a translucent silver ring
 71854 | Trove    | Identified the ring of Contentment {+/*Tele Str-3 Int+4 SInv} (You found it in a treasure trove)
 71871 | Trove    | Got a pitted brass ring
 71873 | Trove    | Identified the ring "Giotwet" {rElec MR++ SInv} (You found it in a treasure trove)
 72228 | Vaults:5 | Entered Level 5 of the Vaults
 72271 | Vaults:5 | Noticed an ancient lich
 72285 | Vaults:5 | Killed an ancient lich
 72747 | Vaults:5 | Got a silver rune of Zot
 73076 | Vaults:5 | Reached XP level 27. HP: 244/244 MP: 39/39
 73182 | Vaults:5 | Reached skill level 1 in Evocations
 73550 | Vaults:5 | Got a steaming golden ring
 73551 | Vaults:5 | Identified the ring of Uguppet {*Drain +Inv MP+9 Dex+5} (You took it off a yaktaur captain on level 5 of the Vaults)
 73553 | Vaults:5 | Noticed an ancient lich
 73555 | Vaults:5 | Killed an ancient lich
 73555 | Vaults:5 | Reached skill level 5 in Evocations
 73599 | Vaults:5 | Got a coiled bronze ring
 73926 | Vaults:5 | Identified the Papyrus of Envenoming
 74567 | Zot:1    | Entered Level 1 of the Realm of Zot
 74605 | Zot:1    | Noticed oplop's ghost (legendary MfIE)
 74616 | Zot:1    | HP: 7/246 [oplop's ghost] (15)]
 74616 | Zot:1    | Demolished by oplop's ghost

Action                   |  1- 3 |  4- 6 |  7- 9 | 10-12 | 13-15 | 16-18 | 19-21 | 22-24 | 25-27 || total
-------------------------+-------+-------+-------+-------+-------+-------+-------+-------+-------++-------
Melee: Unarmed           |   168 |   260 |   440 |   832 |  1238 |  1024 |  1135 |  1290 |   863 ||  7250
 Fire: Blowgun           |       |    14 |     4 |       |       |       |       |       |       ||    18
Throw: Stone             |       |     3 |     1 |     2 |       |       |       |       |       ||     6
 Cast: Beastly Appendage |     1 |    14 |    10 |       |       |       |       |       |       ||    25
       Spider Form       |       |       |    29 |    18 |       |       |       |     1 |       ||    48
       Blade Hands       |       |       |     1 |    42 |   127 |   146 |   125 |   135 |    91 ||   667
       Sticks to Snakes  |       |       |       |     2 |    31 |     9 |    17 |     7 |     6 ||    72
       Ice Form          |       |       |       |     2 |     4 |     2 |     2 |     2 |       ||    12
       Deflect Missiles  |       |       |       |       |       |    18 |     5 |     4 |     3 ||    30
       Silence           |       |       |       |       |       |       |     2 |     2 |       ||     4
       Ozocubu's Armour  |       |       |       |       |       |       |       |     7 |     1 ||     8
       Blink             |       |       |       |       |       |       |       |     2 |       ||     2
       Condensation Shie |       |       |       |       |       |       |       |     1 |     1 ||     2
       Regeneration      |       |       |       |       |       |       |       |     1 |       ||     1
       Dragon Form       |       |       |       |       |       |       |       |       |     2 ||     2
Invok: Slouch            |       |       |       |       |     2 |     2 |    12 |    12 |     4 ||    32
       Bend Time         |       |       |       |       |       |       |       |       |     1 ||     1
 Abil: Spit Acid         |       |       |    13 |       |     5 |    42 |    35 |    12 |     4 ||   111
       End Transformatio |       |       |       |     1 |       |     6 |     4 |     3 |     6 ||    20
       Stop Flying       |       |       |       |       |       |       |       |     1 |     1 ||     2
       Evoke Flight      |       |       |       |       |       |       |       |     1 |       ||     1
       Blink             |       |       |       |       |       |       |       |       |     1 ||     1
Evoke: Wand              |       |       |       |     1 |     2 |     4 |     5 |     9 |    14 ||    35
       Deck              |       |       |       |       |       |       |     2 |       |       ||     2
  Use: Scroll            |       |    13 |     3 |    16 |    11 |    15 |     5 |    20 |    17 ||   100
       Potion            |       |     3 |     1 |     3 |       |       |     2 |    10 |     4 ||    23
 Stab: Sleeping          |       |     4 |     4 |    10 |    19 |     4 |    15 |    11 |    17 ||    84
       Distracted        |       |     1 |       |     1 |     5 |     3 |       |    10 |     4 ||    24
       Petrified         |       |       |       |       |     1 |       |       |       |       ||     1
       Held in net/web   |       |       |       |       |       |       |       |     2 |       ||     2
       Confused          |       |       |       |       |       |       |       |       |     1 ||     1
  Eat: Chunk             |     2 |    10 |    21 |    43 |    27 |    15 |    29 |    12 |     7 ||   166
       Fruit             |       |       |     2 |     2 |       |    22 |     4 |     3 |       ||    33
       Beef jerky        |       |       |       |       |       |       |     1 |     2 |     6 ||     9
       Pizza             |       |       |       |       |       |       |       |     7 |     5 ||    12
